 Dungeon Sprint DCSS version 0.21-a0-349-g0c35859 (webtiles) character file.

9527 Kidiri the Warrior (level 11, -13/112 HPs)
             Began as a Green Draconian Gladiator on Oct 7, 2017.
             Was a High Priest of Trog.
             Killed from afar by Ilsuiw (51 damage)
             ... with a shard of ice
             ... in the Dungeon (Sprint VII: "The Pits").
             The game lasted 00:14:08 (2767 turns).

Kidiri the Warrior (Green Draconian Gladiator)      Turns: 2767, Time: 00:14:09

Health: -13/112    AC:  8    Str: 19    XL:     11   Next: 24%
Magic:  15/15      EV: 26    Int:  9    God:    Trog [*****.]
Gold:   0          SH:  0    Dex: 13    Spells: 10/10 levels left

rFire    . . .     SeeInvis +   a - +9 great mace of Armageddon {flame, +Inv rN+ MR+ SInv}
rCold    . . .     Gourm    .   (shield currently unavailable)
rNeg     + . .     Faith    .   (armour unavailable)
rPois    +         Spirit   .   b - +0 hat
rElec    .         Reflect  .   (no cloak)
rCorr    .         Harm     .   (no gloves)
MR       +....     NoTele   +   u - +0 pair of boots
Stlth    +.........             (no amulet)
HPRegen  0.28/turn              q - +3 ring of evasion
MPRegen  0.14/turn              r - +3 ring of evasion

@: no status effects
A: breathe noxious fumes, unfitting armour, stinger 1, poison resistance,
screaming 1, cold-blooded, AC +7
a: Breathe Noxious Fumes, Berserk, Trog's Hand, Brothers in Arms, Burn
Spellbooks, Renounce Religion, Evoke Invisibility


You were in the Dungeon.
You worshipped Trog.
Trog was extremely pleased with you.
You were very hungry.

You visited 1 branch

Inventory:

Hand Weapons
 a - the +9 great mace of Armageddon (weapon) {flame, +Inv rN+ MR+ SInv}
   (Trog gifted it to you in the Dungeon)

   It has been specially enchanted to burn those struck by it, causing extra
   injury to most foes and up to half again as much damage against particularly
   susceptible opponents.
   It protects you from negative energy.
   It affects your resistance to hostile enchantments.
   It lets you see invisible.
   It lets you turn invisible.
 x - the +2 hunting sling of the Firefly {velocity, rElec rPois Dex+3}
   (Trog gifted it to you in the Dungeon)

   Any stone fired from it inflicts extra damage.
   It affects your dexterity (+3).
   It insulates you from electricity.
   It protects you from poison.
Missiles
 m - 6 poisoned javelins (quivered)
 v - 5 javelins of returning
 w - 4 needles of confusion
 y - 6 tomahawks
Armour
 b - a +0 hat (worn)
 u - a +0 pair of boots (worn)
Jewellery
 q - a +3 ring of evasion (left hand)
 r - a +3 ring of evasion (right hand)
Scrolls
 j - a scroll of blinking
 l - 3 scrolls of remove curse
 n - a scroll of summoning
Potions
 e - 5 potions of curing
 f - 7 potions of heal wounds
 g - a potion of haste
 h - 4 potions of magic
 i - 2 potions of berserk rage
 k - 2 potions of invisibility
 s - a potion of brilliance
 t - 2 potions of agility
Comestibles
 c - 4 chunks of flesh
 d - 8 bread rations
 o - 28 fruits
 p - 7 meat rations


   Skills:
 * Level 15.3 Fighting
 * Level 14.4 Maces & Flails
 + Level 9.9 Throwing
 * Level 13.3 Dodging
 + Level 6.5 Evocations


You had 10 spell levels left.
You didn't know any spells.

Dungeon Overview and Level Annotations

Branches:
Dungeon (1/1)

Altars:
Ashenzari
Cheibriados
Dithmenos
Elyvilon
Fedhas
Gozag
Hepliaklqana
Kikubaaqudgha
Makhleb
Nemelex Xobeh
Okawaru
Qazlal
Ru
Sif Muna
Trog
Uskayaw
Vehumet
Wu Jian
Xom
Yredelemnul
Zin
The Shining One
Beogh
Jiyva
Lugonu

Annotations:
D Ilsuiw


Innate Abilities, Weirdness & Mutations

You can breathe blasts of noxious fumes.
Your lurid green scales are hard. (AC +7)
You cannot fit into any form of body armour.
Your system is resistant to poisons. (rPois)
You are cold-blooded and may be slowed by cold attacks.
Your tail ends in a poisonous barb.
You occasionally shout uncontrollably at your foes.


Message History

t - Shout!
Orders for allies: a - Attack new target. p - Attack previous target. r - Retreat! s - Stop attacking. g - Guard the area. f - Follow me.
Anything else - Cancel.
Gang up on whom?
Press: ? - help, Dir - move target cursor, f/p - Ilsuiw
Aim: Ilsuiw, wielding a trident of freezing and wearing a robe (slightly transparent) Attack!
You feel yourself speed up. Ilsuiw gestures at you while chanting.
The shard of ice hits your iron troll.
Your iron troll partially resists.
Your iron troll dies!
Your iron troll's corpse disappears in a puff of smoke!
Your iron troll goes berserk!
You are feeling very hungry.
Ilsuiw points at you and mumbles some strange words.
The shard of ice hits you!
You die...

....# #####
############### #### ##
..............###..# .(.
#..............#..## #.#.
### #+######...##......
..#####[##...##+##.#.#.#.
....##...#...#...#.m.....
..[..#...#...#..@#)....(.
.....'...+.%%+.))ยง.m...(.
.....#...#...#..T#)......
....##...#...#...#.......
..#####)##...##+##.#.#.#.
###...#+######...##......
#..............#..## #.#.
...........%..###..# ...
############### #### ##


You could see Ilsuiw and a friendly iron troll (berserk).

Vanquished Creatures
  A death yak (D)
  A shadow wraith (D)
  A sea snake (D)
  2 elephants (D)
  A smoke demon (D)
  A spiny frog (D)
  A komodo dragon (D)
  A rime drake (D)
  2 freezing wraiths (D)
  A jumping spider (D)
  A troll (D)
  Grinder (D)
  A bog body (D)
  A flying skull (D)
  Sigmund (D)
  2 redbacks (D)
  A basilisk (D)
  A steam dragon (D)
  2 vampire mosquitoes (D)
  Edmund (D)
  A small abomination (D)
  A water moccasin (D)
  2 orc warriors (D)
  2 floating eyes (D)
  An ice beast (D)
  A wolf (D)
  A jelly (D)
  2 orc priests (D)
  3 orc wizards (D)
  A worker ant (D)
  An ufetubus (D)
  An adder skeleton (D)
  A leopard gecko (D)
  7 orcs (D)
  A bat (D)
  A bat skeleton (D)
  A giant cockroach (D)
  A goblin (D)
  A hobgoblin (D)
  A ball python (D)
  A frilled lizard (D)
  A quokka simulacrum (D)
57 creatures vanquished.

Vanquished Creatures (collateral kills)
  A merfolk impaler (D)
  2 sea snakes (D)
  An orc knight (D)
  2 deep elf magi (D)
  2 merfolk sirens (D)
  A black mamba (D)
  2 redbacks (D)
  A shadow (D)
  A fire bat (D)
  A porcupine (D)
  An iron imp (D)
  A frilled lizard (D)
16 creatures vanquished.

Vanquished Creatures (others)
  A snapping turtle (D)
1 creature vanquished.

Grand Total: 74 creatures vanquished

Notes
Turn   | Place    | Note
-------+----------+-------------------------------------------
     0 | D        | Kidiri the Draconian Gladiator began the quest for the Orb.
     0 | D        | Reached XP level 1. HP: 17/17 MP: 1/1
    51 | D        | Found a bloodstained altar of Trog.
    51 | D        | Found a deep blue altar of Sif Muna.
    51 | D        | Found a viscous altar of Jiyva.
    51 | D        | Found a hazy altar of Hepliaklqana.
    51 | D        | Found an opulent altar of Gozag.
    52 | D        | Found a glowing golden altar of the Shining One.
    52 | D        | Found a glowing silver altar of Zin.
    52 | D        | Found a basalt altar of Yredelemnul.
    52 | D        | Found a shimmering altar of Xom.
    52 | D        | Found an ornate altar of the Wu Jian Council.
    52 | D        | Found a sacrificial altar of Ru.
    52 | D        | Found a stormy altar of Qazlal.
    52 | D        | Found an iron altar of Okawaru.
    52 | D        | Found a sparkling altar of Nemelex Xobeh.
    52 | D        | Found a burning altar of Makhleb.
    52 | D        | Found a blossoming altar of Fedhas.
    52 | D        | Found a white marble altar of Elyvilon.
    52 | D        | Found a shadowy altar of Dithmenos.
    52 | D        | Found a snail-covered altar of Cheibriados.
    55 | D        | Found a corrupted altar of Lugonu.
    55 | D        | Found a radiant altar of Vehumet.
    55 | D        | Found a roughly hewn altar of Beogh.
    56 | D        | Found an ancient bone altar of Kikubaaqudgha.
    56 | D        | Found a hide-covered altar of Uskayaw.
    56 | D        | Found a shattered altar of Ashenzari.
    62 | D        | Became a worshipper of Trog the Wrathful
   168 | D        | Noticed a worker ant
   174 | D        | Killed a worker ant
   174 | D        | Reached skill level 3 in Fighting
   174 | D        | Reached XP level 2. HP: 9/27 MP: 2/2
   176 | D        | Reached * piety under Trog
   176 | D        | Reached skill level 4 in Fighting
   503 | D        | Reached XP level 3. HP: 30/33 MP: 3/3
   591 | D        | Reached ** piety under Trog
   744 | D        | Noticed a wolf
   765 | D        | Noticed Sigmund
   768 | D        | Noticed Grinder
   775 | D        | Killed a wolf
   775 | D        | Reached *** piety under Trog
   775 | D        | Reached skill level 5 in Fighting
   775 | D        | Reached skill level 5 in Maces & Flails
   775 | D        | Reached skill level 5 in Dodging
   775 | D        | Reached XP level 4. HP: 44/44 MP: 4/4
   780 | D        | Killed Sigmund
   780 | D        | Reached skill level 7 in Fighting
   780 | D        | Reached XP level 5. HP: 52/52 MP: 5/5
   780 | D        | Reached XP level 6. HP: 60/60 MP: 6/6
   792 | D        | Paralysed by Grinder for 2 turns
   818 | D        | Killed Grinder
   818 | D        | Reached **** piety under Trog
   818 | D        | Reached skill level 9 in Fighting
   818 | D        | Reached skill level 5 in Throwing
   837 | D        | Noticed a fire bat
   853 | D        | Killed a fire bat
   853 | D        | Your scales start taking on a lurid green colour.
   853 | D        | Reached XP level 7. HP: 25/70 MP: 7/7
   853 | D        | Gained mutation: Your system is resistant to poisons. (rPois) [Green Draconian growth]
  1077 | D        | Noticed a steam dragon
  1094 | D        | Killed a steam dragon
  1184 | D        | Noticed Edmund
  1188 | D        | Reached skill level 10 in Fighting
  1236 | D        | Killed Edmund
  1236 | D        | Reached XP level 8. HP: 36/80 MP: 8/8
  1435 | D        | Noticed a sea snake
  1435 | D        | Noticed a snapping turtle
  1444 | D        | Killed a sea snake
  1444 | D        | Reached skill level 10 in Maces & Flails
  1445 | D        | Killed a snapping turtle
  1445 | D        | Reached skill level 11 in Fighting
  1477 | D        | Gained mutation: You occasionally shout uncontrollably at your foes. [potion of mutation]
  1477 | D        | Gained mutation: Your tail ends in a poisonous barb. [potion of mutation]
  1691 | D        | Noticed an orc knight
  1691 | D        | Noticed a troll
  1693 | D        | Paralysed by a floating eye for 3 turns
  1698 | D        | Reached skill level 10 in Dodging
  1700 | D        | Killed a troll
  1700 | D        | Reached ***** piety under Trog
  1704 | D        | Reached XP level 9. HP: 90/90 MP: 9/9
  1710 | D        | Received a gift from Trog
  1730 | D        | Killed an orc knight
  1730 | D        | Reached skill level 12 in Fighting
  1754 | D        | Got a pitted great mace {god gift}
  1755 | D        | Identified the +9 great mace of Armageddon {flame, +Inv rN+ MR+ SInv} (Trog gifted it to you in the Dungeon)
  1934 | D        | Noticed an elephant
  1934 | D        | Reached skill level 1 in Evocations
  1935 | D        | Noticed a freezing wraith
  1936 | D        | Killed an elephant
  1939 | D        | Received a gift from Trog
  1941 | D        | Killed a freezing wraith
  1941 | D        | Reached skill level 13 in Fighting
  1970 | D        | Noticed a spiny frog
  1970 | D        | Noticed a freezing wraith
  1970 | D        | Noticed a death yak
  1977 | D        | Killed a freezing wraith
  1981 | D        | Killed a death yak
  1981 | D        | Reached XP level 10. HP: 83/101 MP: 12/12
  1993 | D        | Killed a spiny frog
  1993 | D        | Received a gift from Trog
  1994 | D        | Received a gift from Trog
  1996 | D        | Received a gift from Trog
  2204 | D        | Noticed an elephant
  2206 | D        | Reached ****** piety under Trog
  2213 | D        | Killed an elephant
  2213 | D        | Received a gift from Trog
  2213 | D        | Reached skill level 14 in Fighting
  2214 | D        | Got an ichor-stained hunting sling {god gift}
  2226 | D        | Identified the +2 hunting sling of the Firefly {velocity, rElec rPois Dex+3} (Trog gifted it to you in the Dungeon)
  2394 | D        | Noticed a shadow wraith
  2394 | D        | Noticed a smoke demon
  2402 | D        | Killed a shadow wraith
  2402 | D        | Reached skill level 5 in Evocations
  2407 | D        | Killed a smoke demon
  2663 | D        | Received a gift from Trog
  2730 | D        | Noticed a sea snake
  2730 | D        | Noticed a merfolk impaler
  2730 | D        | Noticed a merfolk siren
  2730 | D        | Noticed a deep elf mage
  2730 | D        | Noticed a black mamba
  2730 | D        | Noticed a sea snake
  2732 | D        | Noticed a deep elf mage
  2732 | D        | Noticed Ilsuiw
  2732 | D        | Noticed a merfolk siren
  2734 | D        | Received a gift from Trog
  2736 | D        | Killed a sea snake
  2736 | D        | Reached XP level 11. HP: 66/111 MP: 15/15
  2739 | D        | Killed a deep elf mage
  2742 | D        | Reached skill level 15 in Fighting
  2743 | D        | Killed a merfolk impaler
  2744 | D        | Received a gift from Trog
  2750 | D        | Killed a deep elf mage
  2752 | D        | Killed a sea snake
  2752 | D        | Received a gift from Trog
  2767 | D        | Killed from afar by Ilsuiw

Vault maps used:
D:        pitsprint

Skill      XL: |  1  2  3  4  5  6  7  8  9 10 11 |
---------------+----------------------------------+-----
Throwing       | 2 3 4 5 6 7 8 9 |  9.9
Fighting       | 3 4 5 7 9 10 11 13 14 15 | 15.3
Maces & Flails | 4 5 7 8 9 11 12 13 14 | 14.4
Dodging        | 3 5 6 8 9 10 11 12 13 | 13.3
Evocations     | 3 5 6 |  6.5

Action                   |  1- 3 |  4- 6 |  7- 9 | 10-12 || total
-------------------------+-------+-------+-------+-------++-------
Melee: Mace              |    39 |    33 |    51 |       ||   123
       Flail             |     5 |       |     8 |       ||    13
       Tailslap          |     6 |     6 |    15 |    10 ||    37
       Dire flail        |       |       |    22 |       ||    22
       Great mace        |       |       |    18 |    56 ||    74
Throw: Throwing net      |       |     5 |       |       ||     5
       Javelin           |       |       |       |     8 ||     8
Invok: Berserk           |     1 |     1 |     2 |     1 ||     5
       Brothers in Arms  |       |     1 |     2 |     3 ||     6
 Abil: Breathe Noxious F |       |       |     6 |     1 ||     7
  Use: Potion            |     2 |     6 |     1 |     2 ||    11
 Stab: Confused          |       |       |     7 |       ||     7
       Distracted        |       |       |       |     1 ||     1
  Eat: Fruit             |       |       |    12 |       ||    12
       Chunk             |       |       |     1 |     2 ||     3
Armor: Skin              |    17 |     5 |    16 |    10 ||    48
Dodge: Dodged            |    46 |    25 |    72 |    62 ||   205

Table legend:
 A = Spawn XP
 B = Non-spawn XP
 C = Spawn XP percentage of total XP
 D = Spawn monster count
 E = Non-spawn monster count
 F = Spawn count percentage of total count
 G = Total turns spent on level
                    A         B        C        D         E        F      G
               +---------+---------+-------+---------+---------+-------+---------
         Total |       0 |   13610 |   0.0 |       0 |      74 |   0.0 |  2767
               +---------+---------+-------+---------+---------+-------+---------
             D |       0 |   13610 |   0.0 |       0 |      74 |   0.0 |  2767
               +---------+---------+-------+---------+---------+-------+---------
